 Dungeon Crawl Stone Soup version 0.16.1-12-gf5c4a84 (webtiles) character file.

3690 jacksonaction the Covert (level 10, -2/60 HPs)
             Began as an Octopode Assassin on Apr 9, 2015.
             Was a Believer of Ashenzari.
             Slain by an unseen horror (5 damage)
             ... on level 1 of the Abyss.
             The game lasted 01:14:52 (10641 turns).

jacksonaction the Covert (Octopode Assassin)       Turns: 10641, Time: 01:14:52

Health: -2/60      AC:  1    Str: 11    XL:     10   Next: 13%
Magic:  10/10      EV: 21    Int: 13    God:    Ashenzari [**....]
Gold:   487        SH:  0    Dex: 17    Spells: 0 memorised, 9 levels left

rFire  . . .     SeeInvis .     y - +2 dagger (venom) (curse)
rCold  . . .     Clarity  .     (no shield)
rNeg   . . .     SustAb   .     (helmet restricted)
rPois  .         Gourm    .     r - amulet of stasis (curse)
rElec  .         Spirit   .     n - +3 ring of evasion (curse)
rCorr  .         Warding  .     Y - ring of protection from magic (curse)
rMut   .         Stasis   +     (no ring)
MR     +....                    (no ring)
Stlth  +++++++...               (no ring)
                                (no ring)
                                (no ring)
                                (no ring)

@: somewhat resistant to hostile enchantments, extremely stealthy
A: almost no armour, amphibious, 8 rings, constrict 8, camouflage 1, gelatinous
body 1
a: Renounce Religion


You were on level 1 of the Abyss.
You worshipped Ashenzari.
Ashenzari was pleased with you.
You were not hungry.

You visited 2 branches of the dungeon, and saw 9 of its levels.
You visited the Abyss 1 time.
You also visited: Ossuary.

You collected 487 gold pieces.

Inventory:

Hand weapons
 y - a cursed +2 dagger of venom (weapon)
Missiles
 b - 10 poisoned arrows
 j - 7 tomahawks
 K - a throwing net (quivered)
 L - 18 stones
Armour
 P - a +0 leather armour
 V - a +0 robe
Jewellery
 n - a cursed +3 ring of evasion (left tentacle)
 r - a cursed amulet of stasis (around mantle)
 Y - a cursed ring of protection from magic (right tentacle)
Magical devices
 u - a wand of paralysis (13)
 M - a wand of teleportation (7)
Scrolls
 a - 2 scrolls of blinking {unknown}
 c - 3 scrolls of curse armour
 e - a scroll of enchant armour {unknown}
 h - 5 scrolls of curse jewellery
 i - 3 scrolls of magic mapping {unknown}
 k - 3 scrolls of identify {unknown}
 p - 4 scrolls of enchant weapon {unknown}
 w - 3 scrolls of teleportation
 x - 6 scrolls of recharging
 A - 2 scrolls of amnesia {unknown}
 G - a scroll of fear {unknown}
 H - 3 scrolls of noise {unknown}
 I - 4 scrolls of remove curse
 N - 2 scrolls of immolation {unknown}
 S - 2 scrolls of random uselessness {unknown}
Potions
 d - 3 potions of magic {unknown}
 m - 4 potions of brilliance {unknown}
 o - a potion of haste {unknown}
 q - a potion of cure mutation {unknown}
 s - 2 potions of agility {unknown}
 t - 2 potions of berserk rage {unknown}
 z - a potion of beneficial mutation {unknown}
 B - a potion of heal wounds {unknown}
 C - a potion of decay {unknown}
 D - a potion of restore abilities {unknown}
 E - 3 potions of might {unknown}
 J - a potion of mutation {unknown}
 Q - a potion of poison {unknown}
 R - 6 potions of curing {unknown}
Comestibles
 g - 5 bread rations
 v - 9 fruits


   Skills:
 - Level 2.0 Fighting
 + Level 9.7(11.8) Short Blades
 - Level 2.0 Throwing
 - Level 8.0 Dodging
 - Level 11.1 Stealth


You had 9 spell levels left.
You didn't know any spells.

Dungeon Overview and Level Annotations

Branches:
Dungeon (8/15)             Temple (1/1) D:4
   Lair: D:8-11

Altars:
Ashenzari
Cheibriados
Dithmenos
Elyvilon
Fedhas
Gozag
Kikubaaqudgha
Makhleb
Nemelex Xobeh
Okawaru
Qazlal
Ru
Sif Muna
Trog
Vehumet
Xom
Yredelemnul
Zin
The Shining One

Annotations:
D:3 jacksonaction's ghost, average OpCj
D:8 Erolcha


Innate Abilities, Weirdness & Mutations

You cannot wear most types of armour.
You are amphibious.
You can wear up to eight rings at the same time.
You can use your tentacles to constrict many enemies at once.
Your skin changes colour to match your surroundings (Stealth).
Your rubbery body absorbs attacks (AC +1).


Message History

The large abomination is heavily damaged.
The large abomination hits you!!
The more cursed you are, the more Ashenzari supports your skills.
Use which ability? (? or * to list)
Okay, then.
Something misses you. Something hits you!
* * * LOW HITPOINT WARNING * * *
Deactivating autopickup; reactivate with Ctrl-A.
A thrashing horror comes into view.
Something hits you.
* * * LOW HITPOINT WARNING * * *
Something hits you.
* * * LOW HITPOINT WARNING * * *
Something barely misses you. Something hits you.
* * * LOW HITPOINT WARNING * * *
Something barely misses you.
A thrashing horror comes into view.
Something hits you.
You die...

. # .# #
##...##...#
.###. ...
#.##....# #.
.##
####.......# #
.
###..........#
#.
##..........#
## ##.........#
.#######..#####
# #...#{#...#
...#X.##@.# .
.... ##.# # #.
.X. #### ###.#
#


You could see a thrashing horror.

Vanquished Creatures
  Grinder (D:5)
  Eustachio (D:6)
  A hippogriff (D:7)
  A sky beast (D:6)
  2 orc warriors (D:6)
  A black bear (D:6)
  2 centaurs
  4 ogres
  2 giant frogs
  A brain worm (Abyss:1)
  2 water moccasin zombies (Ossuary)
  A scorpion (D:6)
  4 crimson imps
  A centaur zombie (D:7)
  19 killer bees
  A giant frog skeleton (D:7)
  5 orc wizards
  2 hounds (D:6)
  2 orc priests
  11 worker ants
  3 big kobold zombies (Ossuary)
  Ijyb (D:5)
  A hound skeleton (D:7)
  2 mummies (Ossuary)
  A white imp (Abyss:1)
  7 adders
  A shadow imp (D:5)
  5 worms
  2 giant mites
  4 adder zombies (Ossuary)
  2 adder skeletons
  4 giant geckos
  An ooze (D:2)
  17 orcs
  2 ball pythons
  6 giant cockroaches
  2 gnoll zombies (Ossuary)
  15 hobgoblins
  9 jackals
  16 bats
  A giant cockroach zombie (D:2)
  A giant gecko skeleton (D:2)
  2 giant gecko zombies
  11 giant newts
  11 goblins
  7 hobgoblin zombies (Ossuary)
  A jackal skeleton (D:2)
  15 kobolds
  7 kobold zombies (Ossuary)
  6 orc zombies (Ossuary)
  6 quokkas
  15 rats
248 creatures vanquished.

Notes
Turn   | Place    | Note
--------------------------------------------------------------
     0 | D:1      | jacksonaction, the Octopode Assassin, began the quest for the Orb.
     0 | D:1      | Reached XP level 1. HP: 14/14 MP: 1/1
   199 | D:1      | Reached skill level 6 in Stealth
   199 | D:1      | Reached XP level 2. HP: 17/19 MP: 2/2
   609 | D:1      | Reached XP level 3. HP: 17/24 MP: 3/3
   797 | D:1      | Reached skill level 7 in Stealth
  1340 | D:2      | Reached XP level 4. HP: 29/29 MP: 4/4
  1464 | D:2      | Reached skill level 8 in Stealth
  2072 | D:2      | Reached XP level 5. HP: 30/34 MP: 5/5
  2673 | D:3      | Found a burning altar of Makhleb.
  2674 | D:3      | Found a shimmering altar of Xom.
  3099 | D:3      | Noticed jacksonaction's ghost (average OpCj)
  3394 | D:3      | Reached XP level 6. HP: 30/39 MP: 6/6
  3649 | D:3      | Found a bloodstained altar of Trog.
  3708 | D:4      | Reached skill level 9 in Stealth
  3780 | D:4      | Found an iron altar of Okawaru.
  3819 | D:4      | Found a staircase to the Ecumenical Temple.
  3836 | Temple   | Entered the Ecumenical Temple
  3895 | Temple   | Became a worshipper of Ashenzari the Shackled
  4052 | D:4      | Reached skill level 10 in Stealth
  4127 | D:4      | Reached XP level 7. HP: 40/45 MP: 7/7
  4721 | D:5      | Entered Level 5 of the Dungeon
  4898 | D:5      | Noticed Ijyb
  4907 | D:5      | Killed Ijyb
  5020 | D:5      | Reached skill level 11 in Stealth
  5127 | D:5      | Found a sacrificial altar of Ru.
  5250 | D:5      | Got the uncursed leather armour of Beauty {rC+ MR+ Str+6 Int-5 Dex-3}
  5268 | D:5      | Found a blossoming altar of Fedhas.
  5313 | D:5      | Noticed Grinder
  5331 | D:5      | Killed Grinder
  5331 | D:5      | Reached XP level 8. HP: 50/50 MP: 8/8
  5579 | D:5      | Found a bloodstained altar of Trog.
  5657 | D:6      | Noticed Eustachio
  5660 | D:6      | Killed Eustachio
  5660 | D:6      | Reached skill level 5 in Dodging
  6705 | D:6      | Got the uncursed chain mail "Teimenga" {rElec Int+3 Dex-5}
  6814 | D:6      | Found a deep blue altar of Sif Muna.
  7020 | D:6      | Reached XP level 9. HP: 31/54 MP: 9/9
  7456 | D:6      | Found a stormy altar of Qazlal.
  7602 | D:7      | Reached skill level 5 in Short Blades
  7796 | D:7      | Found a sand-covered staircase.
  7804 | Ossuary  | Entered an ossuary
  9695 | D:6      | Reached XP level 10. HP: 43/60 MP: 10/10
 10166 | D:7      | Found a glowing golden altar of the Shining One.
 10495 | D:8      | Noticed Erolcha
 10497 | D:8      | Cast into the Abyss (Erolcha)
 10551 | Abyss:1  | Noticed a thrashing horror
 10633 | Abyss:1  | Acquired Ashenzari's first power
 10638 | Abyss:1  | Noticed a thrashing horror
 10640 | Abyss:1  | HP: 3/60 [something (5)]
 10641 | Abyss:1  | Noticed a thrashing horror
 10641 | Abyss:1  | Slain by an unseen horror

Action                   |  1- 3 |  4- 6 |  7- 9 | 10-12 || total
-------------------------+-------+-------+-------+-------++-------
Melee: Dagger            |    88 |    93 |   388 |    51 ||   620
 Fire: Blowgun           |     5 |    65 |       |       ||    70
Throw: Stone             |     6 |    23 |       |       ||    29
       Tomahawk          |       |     9 |    49 |       ||    58
       Throwing net      |       |       |       |     1 ||     1
  Use: Scroll            |       |     3 |     5 |       ||     8
 Stab: Sleeping          |     7 |    16 |    30 |     1 ||    54
       Distracted        |     1 |     2 |     2 |     2 ||     7
  Eat: Chunk             |     1 |     9 |    16 |     3 ||    29
       Fruit             |       |       |     1 |       ||     1
